 Dungeon Crawl Stone Soup version 0.31.0-11-ge490571c62 (webtiles) character file.

Game seed: 15757970029638201318

70 monsoonserge the Covert (level 4, -7/23 HPs)
             Began as a Spriggan Delver on Jan 30, 2024.
             Was a Follower of Uskayaw.
             Killed from afar by Blork the orc (9 damage)
             ... with a magic dart
             ... on level 5 of the Dungeon.
             The game lasted 00:01:56 (277 turns).

monsoonserge the Covert (Spriggan Delver)            Turns: 277, Time: 00:01:57

Health: -7/23      AC:  2    Str:  8    XL:     4   Next: 4%
Magic:  4/6        EV: 18    Int: 11    God:    Uskayaw [*.....]
Gold:   30         SH:  0    Dex: 18    Spells: 3/3 levels left

rFire   . . .        a - +0 short sword
rCold   . . .        (no shield)
rNeg    . . .        b - +0 robe
rPois   .            (helmet restricted)
rElec   .            (no cloak)
rCorr   .            (gloves unavailable)
SInv    +            (boots unavailable)
Will    .....        (no amulet)
Stlth   ++++         (no ring)
HPRegen 0.23/turn    (no ring)
MPRegen 0.10/turn

%: no passive effects
@: very quick
A: very small, no large weapons, unfitting armour, see invisible, speed 3
a: Renounce Religion, Stomp


You were on level 5 of the Dungeon.
You worshipped Uskayaw.
Uskayaw was noncommittal.
You visited 1 branch of the dungeon, and saw 3 of its levels.

You collected 30 gold pieces.

Inventory:

Hand Weapons
 a - a +0 short sword (weapon)
Armour
 b - a +0 robe (worn)
Wands
 g - a wand of digging (3)
Scrolls
 c - 2 scrolls of fog
 d - a scroll of revelation
 e - a scroll of fear
 h - a scroll of identify {unknown}
Potions
 f - a potion of haste


   Skills:
 + Level 2.7 Fighting
 * Level 2.9 Short Blades
 + Level 3.1 Dodging
 - Level 8.0 Stealth
 * Level 1.7 Invocations


You had 3 spell levels left.
You didn't know any spells.
Your spell library was empty.

Dungeon Overview and Level Annotations

Branches:
Dungeon (6/15)
 Temple: D:4-7

Altars:
Uskayaw

Annotations:
D:5 Blork the orc


Innate Abilities, Weirdness & Mutations

You are very small and have problems with some larger weapons.
You are too small for most types of armour.
You have supernaturally acute eyesight. (SInv)
You cover ground extremely quickly. (Speed+++)


Message History

You closely miss the orc.
The orc is severely wounded.
The orc barely misses you.
You hit the orc.
You kill the orc!
Uskayaw will force your foes to share their pain.
You see here a +0 club.
Aiming: Line Pass
Press: ? - help, Dir - move target The ogre appears confused.
You barely miss the ogre. The ogre completely misses you.
The ogre hits itself with a +0 giant spiked club.
You hit the ogre.
The ogre is moderately wounded.
The ogre seems less confused.
You hit the ogre.
The ogre is heavily wounded.
You hit the ogre but do no damage.
The ogre is heavily wounded.
The ogre hits you with a +0 giant spiked club!
Ouch! That really hurt!
Found a scroll labelled MIUFUG XACLEUKK.
You can no longer pass through a line of other dancers.
Found a twisted runed staff and 12 gold pieces.
h - a scroll labelled MIUFUG XACLEUKK
There are no items here.
Blork the orc comes into view.
He is wielding a +0 battleaxe.
You see here a staff of cold.
You see here 12 gold pieces.
You now have 30 gold pieces (gained 12).
Blork the orc shouts!
Blork the orc screams, "You are the ugliest creature I've ever seen!"
Blork the orc gestures at you while chanting.
The puff of frost hits you!
Ouch! That really hurt!
* * * LOW HITPOINT WARNING * * *
The orc shouts!
Blork the orc gestures at you while chanting.
The magic dart hits you!
You die...

. #.# #.##.# # #.# #.##<# #
##.#########.##.#
#####............[..#
.......#########(###########
##o...## #)....O...O.#
##o#>.###. #)#########.#
...#...#.... #.# #.#
.#####.......###@# #.#
...#.............## #.#
##o#..###.........###### #.#
......# #######.......# #.#
.#Y.### #..####.# #.# .#<.#
#o.# #.# #.# #..# #..# #.#
#.# ..... #... #.# #.#
..#.### ..##.##.###.#


You could see Blork the orc.

Vanquished Creatures
  2 orc priests (D:5)
  5 orcs
7 creatures vanquished.

Notes
Turn   | Place    | Note
-------+----------+-------------------------------------------
     0 | D:5      | monsoonserge the Spriggan Delver began the quest for the
                  | Orb.
     0 | D:5      | Reached XP level 1. HP: 11/11 MP: 2/2
    13 | D:5      | Found a hide-covered altar of Uskayaw.
    18 | D:5      | Noticed a yak
    21 | D:5      | Became a worshipper of Uskayaw the Reveller
    25 | D:5      | Noticed a yak
    36 | D:5      | Noticed a yak
    36 | D:5      | Noticed a yak
    77 | D:4      | Reached * piety under Uskayaw
    84 | D:4      | Reached ** piety under Uskayaw
   118 | D:5      | Noticed an orc priest
   134 | D:5      | Reached *** piety under Uskayaw
   135 | D:5      | Killed an orc priest
   136 | D:5      | Reached skill level 8 in Stealth
   136 | D:5      | Reached skill level 1 in Invocations
   136 | D:5      | Reached XP level 2. HP: 2/16 MP: 3/3
   136 | D:5      | Reached XP level 3. HP: 3/19 MP: 4/4
   231 | D:5      | Reached XP level 4. HP: 23/23 MP: 6/6
   231 | D:5      | Noticed an ogre
   233 | D:5      | Reached **** piety under Uskayaw
   261 | D:5      | Noticed Blork the orc
   266 | D:5      | HP: 1/23 [Blork the orc/puff of frost (12)]
   277 | D:5      | Killed from afar by Blork the orc

Illustrated notes

Levels and vault maps discovered:
D:4:      layout_cave_pools, nicolae_overflow_crystal_walls, serial_shops, shop,
          grunt_decor_one_mirror
D:5:      layout_loops_ring, mainiacjoe_overflow_chevrons,
          nicolae_vehumet_altar_sigil, minmay_temple_entry_statues_pillars,
          uniq_blork_the_orc
D:6:      layout_cave_pools, kennysheep_path_1, grunt_decor_junction,
          glass_columns_b, uniq_crazy_yiuf_cottage

Skill      XL: |  1  2  3 |
---------------+----------+-----
Stealth        | 8 |  8.0
Invocations    | 1 |  1.7
Dodging        | 3 |  3.1
Fighting       | |  2.7
Short Blades   | |  2.9

Action                     |  1- 3 |  4- 6 || total
---------------------------+-------+-------++-------
  Melee: Short sword       |    46 |     6 ||    52
         Punch             |     1 |       ||     1
 Invoke: Line Pass         |       |     1 ||     1
   Stab: Paralysed         |     3 |       ||     3
         Sleeping          |     1 |       ||     1
 Armour: Robe              |    12 |     3 ||    15
  Dodge: Dodged            |    34 |     2 ||    36
